AoeStats
← zamithdaniel

Arena

509792814Analyzed
2v2 RM · 6d ago on Sep 28, 2026· 33m 35s· 4 players
Game mode
Random Map
Map size
Medium (4 player)
Population
200
Speed
Normal
Resources
Standard
Victory
Conquest
Starting age
Dark Age
Ending age
Imperial Age
RankedLock teamsTeams togetherTeam positionsShared explorationLock speedFull tech treeHidden civsTurbo modeCheats
Victory
Defeat
🇨🇴 Celts · Colombia
983
+15
🇨🇴 Japanese · Colombia
924
+18
🇵🇹 Mapuche · Portugal
980
-17
🇵🇹 Italians · Portugal
943
-16
zamithdaniel
10:18 Feudal Age
12:15 Double-Bit Axe
12:13 Horse Collar
18:45 Castle Age
17:19 Stone Mining
18:13 Scale Mail Armor
18:24 Forging
18:09 Gold Mining
21:50 Iron Casting
21:30 Chain Mail Armor
Dovahkyn
13:09 Feudal Age
17:08 Castle Age
15:48 Double-Bit Axe
15:44 Horse Collar
18:35 Heavy Plow
19:37 Bow Saw
23:37 Wheelbarrow
25:17 Forging
25:37 Scale Mail Armor
26:06 Loom
27:41 Iron Casting
27:56 Chain Mail Armor
27:55 Squires
27:41 Gambesons
29:05 Arson
D. Pires IV
1:38 Loom
3:57 Loom
10:10 Feudal Age
12:07 Fletching
13:13 Double-Bit Axe
14:58 Wheelbarrow
14:22 Horse Collar
15:08 Champi Runner
19:21 Castle Age
17:42 Gold Mining
17:41 Champi Runner
19:27 Champi Warrior
20:36 Bow Saw
21:14 Forging
24:05 Bodkin Arrow
24:12 Scale Mail Armor
D. Luís XLII
10:29 Feudal Age
9:09 Loom
14:25 Castle Age
12:27 Double-Bit Axe
12:47 Horse Collar
15:21 Wheelbarrow
23:47 Bow Saw
23:39 Heavy Plow
29:04 Imperial Age
27:00 Forging
26:32 Pikeman
27:13 Squires
27:06 Fletching
28:42 Scale Barding Armor
30:12 Iron Casting
31:00 Cavalier
32:27 Padded Archer Armor
Connection lost

Rejoining the realm…

Still unreachable

The connection could not be restored.

Session expired

The server has moved on; the page needs a fresh start.